[Event "Ch FRA 2024 Open C"]
[Site "ALPE D'HUEZ, France"]
[Date "2024.08.25"]
[Round "9.2"]
[White "DESMET, Cyprien"]
[Black "LEVY, Theo"]
[Result "1/2-1/2"]
[ECO "B06"]
[WhiteElo "1839"]
[BlackElo "1800"]
[PlyCount "93"]
[EventDate "2024.??.??"]
[TimeControl "90/40+30:0"]

1. e4 {0} d6 {202} 2. d4 {21} g6 {119} 3. h4 {39} h5 {90} 4. Nc3 {14} a6 {112}
5. Be3 {171} b5 {64} 6. Bd3 {142} Bg7 {32} 7. Nh3 {110} Bxh3 {303} 8. Rxh3 {18}
Nd7 {45} 9. a4 {440} b4 {713} 10. Nd5 {704} c5 {150} 11. c3 {175} e6 {191} 12.
Nf4 {201} bxc3 {799} 13. bxc3 {30} Qa5 {55} 14. Qd2 {829} Ne7 {541} 15. Ne2 {
508} Nc6 {240} 16. f4 {109} Rb8 {488} 17. f5 {243} cxd4 {403} 18. cxd4 {416}
Rb4 {165} 19. fxe6 {271} fxe6 {111} 20. Rg3 {239} Ne7 {641} 21. Rg5 {107} e5 {
94} 22. Rg3 {381} O-O {221} 23. Qa2+ {86} Rb3+ {262} 24. Bd2 {43} Qb6 {36} 25.
Bc4+ {17} d5 {78} 26. Bxb3 {64} exd4 {9} 27. a5 {229} Qa7 {42} 28. Bxd5+ {38}
Kh7 {7} 29. O-O-O {416} Rc8+ {42} 30. Kb1 {36} Qc5 {39} 31. Rb3 {137} d3 {29}
32. Rc1 {67} dxe2 {44} 33. Rxc5 {9} Nxc5 {3} 34. Be1 {51} Nxb3 {41} 35. Qxb3 {
35} Bh6 {24} 36. Bc4 {37} Bf4 {26} 37. Kc2 {33} Nc6 {15} 38. Qb7+ {37} Rc7 {10}
39. Qxc7+ {29} Bxc7 {9} 40. Bxa6 {22} Bxa5 {16} 41. Bxa5 {17} Nxa5 {14} 42.
Bxe2 {9} Kg7 {23} 43. Kc3 {42} Nc6 {15} 44. Kc4 {21} Kf6 {18} 45. Kd5 {22} Ne5
{22} 46. Kd6 {34} Nf7+ {12} 47. Kd5 {30} 1/2-1/2

[Event "Ch FRA 2024 Open C"]
[Site "ALPE D'HUEZ, France"]
[Date "2024.08.25"]
[Round "9.3"]
[White "HAMM, Rodrigue"]
[Black "NEGRE, Maxime"]
[Result "1-0"]
[ECO "C45"]
[WhiteElo "1819"]
[BlackElo "1779"]
[PlyCount "40"]
[EventDate "2024.??.??"]
[TimeControl "90/40+30:0"]

1. e4 {2} e5 {29} 2. Nf3 {8} Nc6 {9} 3. d4 {11} exd4 {13} 4. Nxd4 {9} Nf6 {10}
5. Nxc6 {8} bxc6 {10} 6. e5 {8} Nd5 {12} 7. c4 {52} Nb6 {6} 8. Be3 {98} d5 {141
} 9. exd6 {74} cxd6 {35} 10. Bd3 {168} Be6 {110} 11. Nd2 {227} Be7 {88} 12. O-O
{103} Nd7 {228} 13. Rc1 {490} Ne5 {333} 14. Bb1 {85} O-O {393} 15. b3 {304} a5
{237} 16. h3 {68} Bf6 {114} 17. f4 {36} Bd7 {726} 18. fxe5 {55} Bxe5 {9} 19. c5
{90} d5 {232} 20. Qh5 {41} Re8 {67} 1-0

[Event "Ch FRA 2024 Open C"]
[Site "ALPE D'HUEZ, France"]
[Date "2024.08.25"]
[Round "9.4"]
[White "CARREY, Alexandre"]
[Black "PERUSSET, Barbara"]
[Result "0-1"]
[ECO "B40"]
[WhiteElo "1780"]
[BlackElo "1828"]
[PlyCount "45"]
[EventDate "2024.??.??"]
[TimeControl "90/40+30:0"]

1. e4 {4} c5 {272} 2. Nf3 {18} e6 {17} 3. b3 {11} a6 {42} 4. Bb2 {30} d5 {60}
5. exd5 {87} exd5 {10} 6. d4 {35} Nf6 {220} 7. Bd3 {137} Be7 {23} 8. dxc5 {165}
O-O {112} 9. O-O {11} Bxc5 {24} 10. h3 {177} Nc6 {458} 11. a3 {582} h6 {648}
12. Nc3 {62} Re8 {262} 13. Ne2 {258} Ne4 {406} 14. Ned4 {66} Nxd4 {67} 15. Nxd4
{107} Qg5 {76} 16. Nf3 {661} Qg6 {1035} 17. Ne5 {426} Qg5 {311} 18. Nf3 {338}
Qf4 {167} 19. Bd4 {879} Bxd4 {796} 20. Nxd4 {95} Nc3 {44} 21. Ne2 {269} Rxe2 {
23} 22. g3 {249} Re8 23. Qd2 {67} 0-1